 Dungeon Crawl Stone Soup version 0.31-a0-949-g57150269e1 (webtiles) character file.

Game seed: 13948760399610944461

658 avis the Nimble (level 7, 0/32 HPs)
             Began as a Felid Warper on Oct 22, 2023.
             Killed from afar by an orc wizard (7 damage)
             ... with a magic dart
             ... on level 4 of the Dungeon.
             The game lasted 00:28:51 (4742 turns).

avis the Nimble (Felid Warper)                      Turns: 4742, Time: 00:28:51

Health: 0/32       AC:  2    Str:  9    XL:     7   Next: 30%
Magic:  11/11      EV: 32    Int: 14    God:
Gold:   201        SH:  0    Dex: 16    Spells: 0/10 levels left
                                        Lives:  0   Deaths: 2

rFire   . .          .
                       - Unarmed
rCold   . . .        (shield unavailable)
rNeg    . . .        (body armour unavailable)
rPois   .            (helmet unavailable)
rElec   .            (cloak unavailable)
rCorr   .            (gloves unavailable)
SInv    +            (boots unavailable)
Will    +....        (no amulet)
Stlth   ++           m - +5 ring of evasion
HPRegen 0.25/turn    d - +5 ring of evasion
MPRegen 0.12/turn

%: no passive effects
@: quick
A: very small, claws 1, fangs 3, see invisible, speed 1, shaggy fur 2, stealthy
paws, no weapons or thrown items, no armour, multi-lived
a: no special abilities


You were on level 4 of the Dungeon.
You visited 1 branch of the dungeon, and saw 4 of its levels.

You collected 201 gold pieces.

Inventory:

Jewellery
 d - a +5 ring of evasion (right paw)
 m - a +5 ring of evasion (left paw)
 o - a ring of magical power
Scrolls
 a - 2 scrolls of blinking
 b - 2 scrolls of identify
 c - a scroll of amnesia {unknown}
 f - a scroll of fog {unknown}
 j - a scroll of enchant weapon
 k - a scroll of teleportation {unknown}
 n - a scroll of fear {unknown}
Potions
 e - a potion of attraction
 g - a potion of might
 i - 3 potions of magic


   Skills:
 - Level 4.0 Fighting
 - Level 9.0 Dodging
 - Level 2.0 Stealth
 - Level 3.0 Unarmed Combat
 - Level 2.0 Spellcasting
 * Level 4.8 Translocations
 + Level 0.3 Air Magic


You couldn't memorise any spells.
You knew the following spells:

 Your Spells              Type           Power      Damage    Failure   Level
b - Blink                 Tloc           28%        N/A       4%          2
m - Manifold Assault      Tloc           14%        N/A       32%         4
v - Vhi's Electric Charg  Tloc/Air       16%        N/A       63%         4

Your spell library contained the following spells:

 Spells                   Type           Power      Damage    Failure   Level
 Lesser Beckoning         Tloc           28%        N/A       4%          2
 Teleport Other           Tloc           14%        N/A       10%         3


Dungeon Overview and Level Annotations

Branches:
Dungeon (4/15)
 Temple: D:4-7

Altars:
Cheibriados
Dithmenos
Makhleb
Qazlal
Uskayaw

Annotations:
D:1 Cant reach some places.
D:3 1 runed translucent door, exclusion: door, Crazy Yiuf, Edmund, Sigmund
D:4 Ijyb


Innate Abilities, Weirdness & Mutations

You have sharp claws.
You have razor-sharp teeth.
You have supernaturally acute eyesight. (SInv)
You cover ground quickly. (Speed+)
You are covered in thick fur. (AC +2)
Your paws help you pounce on unaware monsters.
You are incapable of wielding weapons or throwing items.
You cannot wear armour.
You gain extra lives every three experience levels.


Message History

You bump into the rock wall.
The orc wizard points at you and mumbles some strange words.
You resist with almost no effort. The orc priest completely misses you.
You're too confused to move!
The orc wizard barely misses you.
The orc priest hits you from afar with a +0 trident.
You scratch the orc wizard.
The orc wizard is lightly wounded.
The orc priest looks braver for a moment.
The orc wizard closely misses you.
You claw the orc wizard! Your bite misses the orc wizard.
The orc wizard is severely wounded.
You feel less confused. The orc priest misses you.
The orc wizard hits you with a +0 dagger.
You scratch the orc wizard. Your bite misses the orc wizard.
The orc wizard is severely wounded.
The orc wizard completely misses you.
The orc priest calls upon Beogh to heal the orc wizard.
The orc wizard is healed somewhat.
You scratch the orc wizard but do no damage.
Your bite misses the orc wizard.
The orc wizard is heavily wounded.
The orc priest completely misses you.
The orc wizard gestures at you while chanting.
The magic dart hits you.
You scratch the orc wizard.
The orc wizard is severely wounded.
The orc wizard gestures at you while chanting.
The magic dart hits you! The orc priest misses you.
You scratch the orc wizard.
The orc wizard is almost dead.
The orc wizard completely misses you.
The orc priest hits you from afar with a +0 trident.
* * * LOW HITPOINT WARNING * * *
You scratch the orc wizard. Your bite misses the orc wizard.
The orc wizard is almost dead.
The orc priest completely misses you. The orc wizard casts a spell at you.
The magic dart hits you!
You die...

.#..###'###.# .##.# #.# #.#
....###.###.# .#..+.(_..+.#
....#######.# ..#.# ### #.#
#...#######.#####
##.(............####
##...##....####.@o.#
##########.# ####o#
######.....# #.##
#.....##### #..## ##.#####
##..## ....#### ##..#
.......##############.##
######...[†.........#..#####
##############....o.....


You could see an orc priest and an orc wizard.

Vanquished Creatures
  A water moccasin (D:4)
  A phantom (D:3)
  A scorpion (D:3)
  2 hounds
  An iguana (D:4)
  2 orc wizards
  An adder (D:3)
  2 dart slugs (D:2)
  9 orcs
  5 ball pythons
  8 endoplasms
  4 giant cockroaches
  A goblin (D:2)
  7 hobgoblins
  8 jackals
  A quokka (D:2)
  2 bats (D:1)
  2 frilled lizards
  2 kobolds (D:3)
  5 rats
65 creatures vanquished.

Vanquished Creatures (collateral kills)
  Grinder (D:3)
  An adder (D:2)
  A kobold (D:2)
3 creatures vanquished.

Grand Total: 68 creatures vanquished

Notes
Turn   | Place    | Note
-------+----------+-------------------------------------------
     0 | D:1      | avis the Felid Warper began the quest for the Orb.
     0 | D:1      | Reached XP level 1. HP: 9/9 MP: 4/4
     8 | D:1      | You fall into a shaft and drop 1 floor!
     8 | D:2      | Found a hide-covered altar of Uskayaw.
   149 | D:1      | Reached skill level 1 in Stealth
   326 | D:1      | Reached skill level 4 in Dodging
   326 | D:1      | Reached XP level 2. HP: 13/13 MP: 6/6
   329 | D:1      | Learned a level 2 spell: Blink
   990 | D:1      | Found a faded altar of an unknown god.
  1317 | D:2      | Reached XP level 3. HP: 16/16 MP: 7/7
  1388 | D:2      | Reached skill level 5 in Dodging
  2389 | D:3      | Found a burning altar of Makhleb.
  2412 | D:3      | Found a shadowy altar of Dithmenos.
  2632 | D:3      | Found a runed translucent door.
  2633 | D:3      | Noticed Crazy Yiuf
  2890 | D:3      | Noticed Sigmund
  2927 | D:3      | Found a snail-covered altar of Cheibriados.
  3029 | D:3      | Noticed Grinder
  3055 | D:3      | Paralysed by Grinder for 4 turns
  3071 | D:3      | Killed Grinder
  3072 | D:3      | Reached skill level 6 in Dodging
  3072 | D:3      | Reached skill level 7 in Dodging
  3072 | D:3      | Reached XP level 4. HP: 9/21 MP: 8/8
  3072 | D:3      | Reached XP level 5. HP: 11/24 MP: 9/9
  3133 | D:3      | Learned a level 4 spell: Manifold Assault
  3282 | D:4      | Noticed an orc warrior
  3316 | D:3      | Gained mutation: You are covered in thick fur. (AC +2)
                  | [Felid growth]
  3316 | D:3      | Reached XP level 6. HP: 15/28 MP: 10/10
  3430 | D:3      | HP: 1/28 [orc wizard/puff of flame (12)]
  3757 | D:4      | Noticed Edmund
  3855 | D:3      | Reached skill level 8 in Dodging
  4124 | D:4      | Found the +1 Delatra's gloves {ID++}
  4275 | D:4      | Reached skill level 9 in Dodging
  4275 | D:4      | Reached XP level 7. HP: 9/31 MP: 11/11
  4390 | D:4      | Succumbed to a water moccasin's poison
  4408 | D:4      | HP: 1/31 [poisoned by a water moccasin]
  4410 | D:4      | Succumbed to a water moccasin's poison
  4424 | D:4      | Found a stormy altar of Qazlal.
  4457 | D:4      | Learned a level 4 spell: Vhi's Electric Charge
  4481 | D:4      | Noticed Ijyb
  4742 | D:4      | Killed from afar by an orc wizard

Illustrated notes

Levels and vault maps discovered:
D:1:      evilmike_arrival_hilbert_curve, layout_basic,
          hellmonk_ecumenical_altar_leap_of_faith, serial_rivers,
          chequers_serial_rivers_small_a, chequers_serial_rivers_large_a,
          chequers_serial_rivers_micro_e, chequers_serial_rivers_micro_b,
          chequers_serial_rivers_room_a, chequers_serial_rivers_micro_d,
          hex_medium
D:2:      layout_loops_ring, basic_altar
D:3:      layout_loops_corners, bloody_makhleb, mainiacjoe_overflow_24_doors,
          nicolae_dithmenos_the_darkroom, kennysheep_generic_room_16,
          uniq_sigmund, uniq_crazy_yiuf_cottage, uniq_grinder
D:4:      layout_rooms, lemuel_doored_altar, pf_guarded_unrand_delatra,
          uniq_ijyb, uniq_edmund

Skill      XL: |  1  2  3  4  5  6  7 |
---------------+----------------------+-----
Stealth        | 1 2 |  2.0
Dodging        | 4 7 9 |  9.0
Fighting       | 3 4 |  4.0
Unarmed Combat | 3 |  3.0
Spellcasting   | |  2.0
Translocations | |  4.8
Air Magic      | |  0.3

Action                     |  1- 3 |  4- 6 |  7- 9 || total
---------------------------+-------+-------+-------++-------
  Melee: Unarmed           |   142 |   187 |    43 ||   372
         Punch             |     2 |     4 |     1 ||     7
         Bite              |    11 |    19 |     4 ||    34
   Cast: Blink             |     2 |     1 |       ||     3
    Use: Scroll            |     4 |     3 |     1 ||     8
         Potion            |       |     6 |     2 ||     8
   Stab: Sleeping          |     7 |       |       ||     7
 Armour: Skin              |    41 |    59 |    13 ||   113
  Dodge: Dodged            |    97 |   195 |    45 ||   337

Table legend: (Time is in decaauts)
 A = Elapsed time spent in this place.
 B = Non-inter-level travel time spent in this place.
 C = Inter-level travel time spent in this place.
 D = Time resting spent in this place.
 E = Time spent auto-exploring this place.
 F = Levels seen in this place.
 G = Mean time per level.
                   A        B        C        D        E       F      G
               +--------+--------+--------+--------+--------+-----+--------+
         Total |   4120 |   3868 |    252 |   1013 |   1497 |   4 | 1030.0 |
       Dungeon |   4120 |   3868 |    252 |   1013 |   1497 |   4 | 1030.0 |
               +--------+--------+--------+--------+--------+-----+--------+

Top non-repeatable levels by time:
     D:3: 1710 daAuts
     D:1: 965 daAuts
     D:2: 882 daAuts
     D:4: 561 daAuts
